Wolfes vs Thunder
Created - March 12, 2021 at 19:18
Goals
|
| Wolfes |
0 |
3 |
1 |
4 |
| Thunder |
0 |
0 |
1 |
1 |
|
Shots
|
| Wolfes |
5 |
13 |
14 |
32 |
| Thunder |
6 |
10 |
16 |
32 |
|
1st period
No Goal
Penalties :
No Penalty
2nd period
1. Wolfes , Thomas Spelling 16 (Joe Morrow 31, Matthew Highmore 9) at 2:06
2. Wolfes , Damon Severson 15 (Sebastian Aho 47, Lawson Crouse 15) at 12:10 (PP)
3. Wolfes , Max Friberg 40 (Martin Hanzal 44, Louis Belpedio 1) at 12:48
Penalties :
Martin Hanzal (RIM) for Hooking (Minor) at 7:00, Jamie McGinn (TRO) for Tripping (Minor) at 11:58, Fredrik Olofsson (RIM) for Interference (Minor) at 19:25
3rd period
4. Thunder , Brayden Point 21 (Mike Hoffman 22) at 0:34 (PP)
5. Wolfes , Lawson Crouse 24 (Michael Stone 23, Jeffrey Foss 28) at 18:49
Penalties :
Anton Karlsson (RIM) for Hooking (Minor) at 1:48, Martin Hanzal (RIM) for Diving (Minor) at 13:08
Goalie Stats
Laurent Brossoit (RIM), 31 saves from 32 shots - (0.969), W, 28-13-3, 60:00 minutes
Niklas Treutle (TRO), 28 saves from 32 shots - (0.875), L, 16-23-6, 60:00 minutes
Players Stats for Wolfes
Player Name G A P +/- PIM S H SB GA TA FO MP PP MP PK MP
------------------------------------------------------------------------------------
Alexandre Grenier 0 0 0 1 0 2 2 0 0 0 3/9 20:11 0:00 4:06
Anton Karlsson 0 0 0 0 2 1 1 0 0 1 0/0 12:01 0:00 0:00
Damon Severson 1 0 1 1 0 4 1 0 0 1 0/0 20:43 0:12 2:37
Eric Robinson 0 0 0 1 0 0 2 0 0 0 0/0 10:25 0:00 0:00
Fredrik Olofsson 0 0 0 1 2 0 1 1 0 0 0/0 14:09 0:00 0:00
Jakub Zboril 0 0 0 1 0 0 2 3 0 0 0/0 15:34 0:00 0:00
Jeffrey Foss 0 1 1 1 0 1 1 1 0 1 0/0 23:43 0:00 4:29
Joe Morrow 0 1 1 1 0 0 0 2 0 1 0/0 20:28 0:00 4:29
Kyle Rau 0 0 0 0 0 3 8 1 0 2 0/6 14:06 0:00 2:04
Lawson Crouse 1 1 2 1 0 3 1 0 0 0 0/1 16:57 0:12 0:45
Louis Belpedio 0 1 1 1 0 0 2 0 0 1 0/0 17:01 0:00 0:00
Martin Hanzal 0 1 1 1 4 5 4 1 0 0 3/11 14:21 0:00 0:00
Matthew Highmore 0 1 1 1 0 0 0 0 0 0 2/5 10:25 0:00 0:00
Max Friberg 1 0 1 1 0 1 1 0 1 0 1/1 16:17 0:12 1:55
Michael Stone 0 1 1 1 0 4 1 2 0 2 0/0 22:31 0:12 2:37
Sebastian Aho 0 1 1 1 0 3 2 0 0 0 7/20 20:21 0:12 4:12
Thomas Spelling 1 0 1 1 0 4 2 0 0 0 0/0 11:35 0:00 1:10
Victor Olofsson 0 0 0 0 0 1 0 0 0 0 0/1 12:02 0:00 0:00
Players Stats for Thunder
Player Name G A P +/- PIM S H SB GA TA FO MP PP MP PK MP
------------------------------------------------------------------------------------
Angelo Esposito 0 0 0 0 0 1 2 0 0 0 0/1 17:00 0:00 0:00
Artturi Lehkonen 0 0 0 0 0 1 0 0 0 0 0/0 5:55 0:00 0:00
Artur Gavrus 0 0 0 0 0 0 0 0 0 0 0/0 0:00 0:00 0:00
Austin Poganski 0 0 0 -1 0 1 1 1 0 0 0/1 18:18 2:59 0:00
Brayden Point 1 0 1 -1 0 2 0 0 1 0 10/16 18:18 2:59 0:00
Colby Cave 0 0 0 0 0 0 0 0 0 0 0/0 0:00 0:00 0:00
Colton Sceviour 0 0 0 -2 0 2 1 1 0 0 1/1 21:42 3:59 0:00
Dany Roussin 0 0 0 -2 0 8 4 2 3 0 0/1 22:02 4:04 0:12
Emil Johansson 0 0 0 -2 0 2 0 0 1 0 0/0 26:46 4:26 0:00
Gianluca Curcuruto 0 0 0 -2 0 2 3 1 0 0 0/0 26:46 4:26 0:00
Jakob Lilja 0 0 0 0 0 0 0 0 0 0 0/0 1:46 0:08 0:00
Jamie McGinn 0 0 0 0 2 1 1 0 0 0 0/0 13:37 0:00 0:00
Jarrod Maidens 0 0 0 0 0 0 0 0 0 0 0/0 0:00 0:00 0:00
Jesper Pettersson 0 0 0 -1 0 0 1 0 1 0 0/0 20:29 2:40 0:12
Mackenze Stewart 0 0 0 0 0 0 0 0 0 0 0/0 12:45 0:00 0:00
Mike Hoffman 0 1 1 -1 0 4 0 1 2 1 0/1 18:18 2:59 0:00
Nikolay Prokhorkin 0 0 0 0 0 0 1 0 0 0 0/0 4:14 0:11 0:00
Ryan Graves 0 0 0 -1 0 0 0 2 1 0 0/0 20:29 2:40 0:12
Trevor Lewis 0 0 0 0 0 2 3 0 0 0 4/5 13:38 0:00 0:00
Vincent Dunn 0 0 0 0 0 0 0 0 0 0 0/0 0:00 0:00 0:00
William Karlsson 0 0 0 -2 0 6 4 0 0 0 23/28 24:59 3:59 0:12
Zach Stepan 0 0 0 0 0 0 0 0 0 0 0/0 12:45 0:00 0:00
3 Stars
1 - Laurent Brossoit (RIM)
2 - Lawson Crouse (RIM)
3 - Thomas Spelling (RIM)
Power Play
Wolfes - 1 on 1 Attempt(s) - 100.00%
Thunder - 1 on 4 Attempt(s) - 25.00%
Penalty Kill
Wolfes - 3 on 4 Attempt(s) - 75.00%
- Score 0 goal in Penalty Kill
Thunder - 0 on 1 Attempt(s) - 0.00%
- Score 0 goal in Penalty Kill
Team Stat
Wolfes - Hits : 31 - Faceoff Wins : 16 - Blocked Shots : 11 - Penalty Minutes : 8
Thunder - Hits : 21 - Faceoff Wins : 38 - Blocked Shots : 8 - Penalty Minutes : 2
Official
Referees : Unknown
Linesman : Unknown
Game Notes
No Game Note
Finance
Level 1 -- Attendance: 1213 (60.65%) -- Ticket Income $48,520
Level 2 -- Attendance: 653 (65.30%) -- Ticket Income $13,060
Total Attendance: 1866 (62.20%)
Total Ticket Income: $61,580
Other Income: $3,079
Total Income: $64,659
Wolfes
5 vs 5 Forward
Center Left Wing Right Wing Time % Phy DF OF
1 Sebastian Aho Lawson Crouse Alexandre Grenier 33 1 2 2
2 Martin Hanzal Fredrik Olofsson Max Friberg 26 1 2 2
3 Kyle Rau Anton Karlsson Victor Olofsson 22 1 2 2
4 Matthew Highmore Eric Robinson Thomas Spelling 19 1 2 2
5 vs 5 Defense
Defense Defense Time % Phy DF OF
1 Jeffrey Foss Michael Stone 36 1 2 2
2 Louis Belpedio Damon Severson 34 1 2 2
3 Joe Morrow Jakub Zboril 30 1 2 2
4 Damon Severson Michael Stone 0 1 2 2
PowerPlay Forward
Center Left Wing Right Wing Time % Phy DF OF
1 Sebastian Aho Lawson Crouse Max Friberg 50 1 2 2
2 Kyle Rau Fredrik Olofsson Thomas Spelling 50 1 2 2
PowerPlay Defense
Defense Defense Time % Phy DF OF
1 Michael Stone Damon Severson 60 1 2 2
2 Jeffrey Foss Joe Morrow 40 1 2 2
Penalty Kill 4 Players Forward
Center Wing Time % Phy DF OF
1 Alexandre Grenier Sebastian Aho 60 1 2 2
2 Kyle Rau Max Friberg 40 1 2 2
Penalty Kill 4 Players Defense
Defense Defense Time % Phy DF OF
1 Jeffrey Foss Joe Morrow 60 1 2 2
2 Damon Severson Michael Stone 40 1 2 2
Penalty Kill - 3 Players Forward
Forward Time % Phy DF OF
1 Alexandre Grenier 60 1 2 2
2 Martin Hanzal 40 1 2 2
Penalty Kill - 3 Players Defense
Defense Defense Time % Phy DF OF
1 Jeffrey Foss Damon Severson 60 1 2 2
2 Joe Morrow Jakub Zboril 40 1 2 2
4 vs 4 Forward
Center Wing Time % Phy DF OF
1 Martin Hanzal Victor Olofsson 60 1 2 2
2 Kyle Rau Max Friberg 40 1 2 2
4 vs 4 Defense
Defense Defense Time % Phy DF OF
1 Jeffrey Foss Michael Stone 60 1 2 2
2 Damon Severson Jakub Zboril 40 1 2 2
Last Minutes Offensive
Center Left Wing Right Wing Defense Defense
Sebastian Aho Fredrik Olofsson Max Friberg Joe Morrow Damon Severson
Last Minutes Defensive
Center Left Wing Right Wing Defense Defense
Martin Hanzal Lawson Crouse Alexandre Grenier Michael Stone Jeffrey Foss
Goaltenders
Starting : Laurent Brossoit
Backup : Ebbe Siönäs
Extra Forwards
Normal : Anton Karlsson, Eric Robinson, Matthew Highmore - PP : Matthew Highmore, Eric Robinson - PK : Thomas Spelling
Extra Defensemen
Normal : Jakub Zboril, Louis Belpedio, Joe Morrow - PP : Jakub Zboril - PK : Louis Belpedio, Jakub Zboril
Penalty Shots
Sebastian Aho, Martin Hanzal, Damon Severson, Alexandre Grenier, Max Friberg
Scratches
Blake Pietila (Left Knee Injury), Kevin Stenlund (Healthy), Zachary Senyshyn (Healthy), Austin Wuthrich (Healthy), Anton Lindholm (Healthy)
Cameron Darcy (Healthy), Nolan Vesey (Healthy), Vaclav Karabacek (Healthy), Kyle Pettit (Healthy), Dylan Sadowy (Healthy)
Thunder
5 vs 5 Forward
Center Left Wing Right Wing Time % Phy DF OF
1 William Karlsson Dany Roussin Colton Sceviour 40 1 2 2
2 Brayden Point Mike Hoffman Austin Poganski 30 1 2 2
3 Trevor Lewis Jamie McGinn Angelo Esposito 20 1 2 2
4 Angelo Esposito Artturi Lehkonen William Karlsson 10 1 2 2
5 vs 5 Defense
Defense Defense Time % Phy DF OF
1 Gianluca Curcuruto Emil Johansson 40 1 2 2
2 Jesper Pettersson Ryan Graves 30 1 2 2
3 Mackenze Stewart Zach Stepan 20 1 2 2
4 Gianluca Curcuruto Emil Johansson 10 1 2 2
PowerPlay Forward
Center Left Wing Right Wing Time % Phy DF OF
1 William Karlsson Dany Roussin Colton Sceviour 60 1 2 2
2 Brayden Point Mike Hoffman Austin Poganski 40 1 2 2
PowerPlay Defense
Defense Defense Time % Phy DF OF
1 Gianluca Curcuruto Emil Johansson 60 1 2 2
2 Jesper Pettersson Ryan Graves 40 1 2 2
Penalty Kill 4 Players Forward
Center Wing Time % Phy DF OF
1 William Karlsson Dany Roussin 60 1 2 2
2 Brayden Point Trevor Lewis 40 1 2 2
Penalty Kill 4 Players Defense
Defense Defense Time % Phy DF OF
1 Gianluca Curcuruto Emil Johansson 60 1 2 2
2 Jesper Pettersson Ryan Graves 40 1 2 2
Penalty Kill - 3 Players Forward
Forward Time % Phy DF OF
1 William Karlsson 60 1 2 2
2 Dany Roussin 40 1 2 2
Penalty Kill - 3 Players Defense
Defense Defense Time % Phy DF OF
1 Gianluca Curcuruto Emil Johansson 60 1 2 2
2 Jesper Pettersson Ryan Graves 40 1 2 2
4 vs 4 Forward
Center Wing Time % Phy DF OF
1 William Karlsson Dany Roussin 60 1 2 2
2 Brayden Point Trevor Lewis 40 1 2 2
4 vs 4 Defense
Defense Defense Time % Phy DF OF
1 Gianluca Curcuruto Emil Johansson 60 1 2 2
2 Jesper Pettersson Ryan Graves 40 1 2 2
Last Minutes Offensive
Center Left Wing Right Wing Defense Defense
William Karlsson Dany Roussin Colton Sceviour Gianluca Curcuruto Emil Johansson
Last Minutes Defensive
Center Left Wing Right Wing Defense Defense
William Karlsson Dany Roussin Colton Sceviour Gianluca Curcuruto Emil Johansson
Goaltenders
Starting : Niklas Treutle
Backup : Sergei Kostenko
Extra Forwards
Normal : Nikolay Prokhorkin, Jakob Lilja, Vincent Dunn - PP : Nikolay Prokhorkin, Jakob Lilja - PK : Vincent Dunn
Extra Defensemen
Normal : Mackenze Stewart, Jesper Pettersson, Ryan Graves - PP : Mackenze Stewart - PK : Jesper Pettersson, Ryan Graves
Penalty Shots
William Karlsson, Dany Roussin, Brayden Point, Trevor Lewis, Mike Hoffman
Scratches
Mikko Vainonen (Healthy), Hugo Fagerblom (Healthy)
% Time on Ice - Wolfes
Lines # - Real PCT - Wanted PCT - Time Play
Normal Forward
1 - 31% - 33% - 16:05
2 - 27% - 26% - 14:10
3 - 23% - 22% - 12:02
4 - 20% - 19% - 10:25
Normal Defense
1 - 36% - 36% - 19:14
2 - 33% - 34% - 17:19
3 - 30% - 30% - 15:34
4 - 1% - 0% - 0:35
PP Forward
1 - 100% - 50% - 0:12
2 - 0% - 50% - 0:00
PP Defense
1 - 100% - 60% - 0:12
2 - 0% - 40% - 0:00
PK Forward
1 - 73% - 60% - 5:11
2 - 27% - 40% - 1:55
PK Defense
1 - 63% - 60% - 4:29
2 - 37% - 40% - 2:37
PK3 Forward
1 - 0% - 60%
2 - 0% - 40%
PK3 Defense
1 - 0% - 60%
2 - 0% - 40%
44 Forward
1 - 0% - 60%
2 - 0% - 40%
44 Defense
1 - 0% - 60%
2 - 0% - 40%
Last Minute Offensive - 0:00
Last Minute Defensive - 0:00
Total
Forward - 60:00
Defense - 60:00
|
% Time on Ice - Thunder
Lines # - Real PCT - Wanted PCT - Time Play
Normal Forward
1 - 34% - 40% - 17:50
2 - 29% - 30% - 15:19
3 - 26% - 20% - 13:38
4 - 11% - 10% - 5:55
Normal Defense
1 - 38% - 40% - 20:15
2 - 33% - 30% - 17:26
3 - 24% - 20% - 12:45
4 - 4% - 10% - 2:16
PP Forward
1 - 58% - 60% - 4:07
2 - 42% - 40% - 2:59
PP Defense
1 - 62% - 60% - 4:26
2 - 38% - 40% - 2:40
PK Forward
1 - 100% - 60% - 0:12
2 - 0% - 40% - 0:00
PK Defense
1 - 0% - 60% - 0:00
2 - 100% - 40% - 0:12
PK3 Forward
1 - 0% - 60%
2 - 0% - 40%
PK3 Defense
1 - 0% - 60%
2 - 0% - 40%
44 Forward
1 - 0% - 60%
2 - 0% - 40%
44 Defense
1 - 0% - 60%
2 - 0% - 40%
Last Minute Offensive - 0:00
Last Minute Defensive - 0:00
Total
Forward - 60:00
Defense - 60:00
|
Play-by-Play
1st period
0:01 of 1st period - William Karlsson wins face-off versus Sebastian Aho in neutral zone.
0:09 of 1st period - Jeffrey Foss is hit by Dany Roussin and loses puck.
0:32 of 1st period - Slapshot by Jesper Pettersson.
0:32 of 1st period - Shot Blocked by Kyle Rau.
0:34 of 1st period - Snap shot by Colton Sceviour.
0:34 of 1st period - Shot Misses the Net.
0:42 of 1st period - Snap shot by Dany Roussin.
0:42 of 1st period - Stopped by Laurent Brossoit with a rebound.
0:44 of 1st period - Slapshot by William Karlsson.
0:44 of 1st period - Shot Misses the Net.
2:16 of 1st period - Snap shot by Jeffrey Foss.
2:16 of 1st period - Deflect By Kyle Rau.
2:16 of 1st period - Stopped by Niklas Treutle without a rebound.
2:17 of 1st period - Martin Hanzal wins face-off versus Brayden Point in Thunder zone.
2:28 of 1st period - Wrist shot by Martin Hanzal.
2:28 of 1st period - Stopped by Niklas Treutle with a rebound.
2:46 of 1st period - Backhand shot by Trevor Lewis.
2:46 of 1st period - Stopped by Laurent Brossoit without a rebound.
2:47 of 1st period - Trevor Lewis wins face-off versus Sebastian Aho in Wolfes zone.
2:56 of 1st period - Slapshot by Jamie McGinn.
2:56 of 1st period - Shot Blocked by Jakub Zboril.
3:25 of 1st period - Snap shot by Sebastian Aho.
3:25 of 1st period - Stopped by Niklas Treutle without a rebound.
3:26 of 1st period - Brayden Point wins face-off versus Matthew Highmore in Thunder zone.
4:22 of 1st period - Martin Hanzal is hit by Nikolay Prokhorkin and loses puck.
4:35 of 1st period - Brayden Point is hit by Lawson Crouse and loses puck.
5:27 of 1st period - Icing by Max Friberg.
5:28 of 1st period - Martin Hanzal wins face-off versus Brayden Point in Wolfes zone.
6:52 of 1st period - Snap shot by Angelo Esposito.
6:52 of 1st period - Deflect By Jamie McGinn.
6:52 of 1st period - Stopped by Laurent Brossoit with a rebound.
6:54 of 1st period - Wrist shot by Angelo Esposito.
6:54 of 1st period - Shot Misses the Net.
6:56 of 1st period - Slapshot by Trevor Lewis.
6:56 of 1st period - Shot Blocked by Martin Hanzal.
6:58 of 1st period - Snap shot by Trevor Lewis.
6:58 of 1st period - Shot Misses the Net.
7:00 of 1st period - Wrist shot by Trevor Lewis.
7:00 of 1st period - Shot Misses the Net.
7:02 of 1st period - Wrist shot by Angelo Esposito.
7:02 of 1st period - Stopped by Laurent Brossoit without a rebound.
7:03 of 1st period - Alexandre Grenier wins face-off versus Austin Poganski in Wolfes zone.
7:14 of 1st period - Slapshot by Alexandre Grenier.
7:14 of 1st period - Shot Misses the Net.
8:44 of 1st period - Snap shot by Thomas Spelling.
8:44 of 1st period - Shot Blocked by Colton Sceviour.
9:27 of 1st period - Wrist shot by Kyle Rau.
9:27 of 1st period - Stopped by Niklas Treutle with a rebound.
9:29 of 1st period - Snap shot by Anton Karlsson.
9:29 of 1st period - Shot Misses the Net.
9:51 of 1st period - Brayden Point is hit by Alexandre Grenier and loses puck.
10:21 of 1st period - Jamie McGinn is hit by Max Friberg and loses puck.
10:43 of 1st period - William Karlsson is hit by Eric Robinson and loses puck.
12:44 of 1st period - Slapshot by Michael Stone.
12:44 of 1st period - Shot Misses the Net.
13:50 of 1st period - Dany Roussin is hit by Martin Hanzal and loses puck.
14:20 of 1st period - Trevor Lewis is hit by Jakub Zboril and loses puck.
14:27 of 1st period - Slapshot by Alexandre Grenier.
14:27 of 1st period - Shot Misses the Net.
14:57 of 1st period - Anton Karlsson is hit by Gianluca Curcuruto and loses puck.
15:04 of 1st period - Jeffrey Foss is hit by Gianluca Curcuruto and loses puck.
15:16 of 1st period - Icing by Jeffrey Foss.
15:17 of 1st period - William Karlsson wins face-off versus Martin Hanzal in Wolfes zone.
15:18 of 1st period - Wrist shot by Dany Roussin.
15:18 of 1st period - Shot Misses the Net.
15:20 of 1st period - Snap shot by Gianluca Curcuruto.
15:20 of 1st period - Shot Blocked by Jeffrey Foss.
15:32 of 1st period - Snap shot by Martin Hanzal.
15:32 of 1st period - Shot Misses the Net.
16:17 of 1st period - William Karlsson is hit by Kyle Rau and loses puck.
16:38 of 1st period - Snap shot by Trevor Lewis.
16:38 of 1st period - Stopped by Laurent Brossoit without a rebound.
16:39 of 1st period - Trevor Lewis wins face-off versus Sebastian Aho in Wolfes zone.
17:23 of 1st period - Icing by Jeffrey Foss.
17:24 of 1st period - William Karlsson wins face-off versus Martin Hanzal in Wolfes zone.
17:33 of 1st period - Wrist shot by Dany Roussin.
17:33 of 1st period - Shot Blocked by Michael Stone.
17:35 of 1st period - Snap shot by William Karlsson.
17:35 of 1st period - Stopped by Laurent Brossoit without a rebound.
17:36 of 1st period - William Karlsson wins face-off versus Sebastian Aho in Wolfes zone.
18:01 of 1st period - Emil Johansson is hit by Thomas Spelling and loses puck.
18:14 of 1st period - Slapshot by Joe Morrow.
18:14 of 1st period - Deflect By Thomas Spelling.
18:14 of 1st period - Stopped by Niklas Treutle with a rebound.
18:28 of 1st period - William Karlsson is hit by Martin Hanzal and loses puck.
Goals for this period are 0 for Wolfes vs 0 for Thunder.
Shots for this period are 5 for Wolfes vs 6 for Thunder.
2nd period
0:01 of 2nd period - Sebastian Aho wins face-off versus William Karlsson in neutral zone.
0:06 of 2nd period - William Karlsson is hit by Louis Belpedio and loses puck.
0:32 of 2nd period - Slapshot by Martin Hanzal.
0:32 of 2nd period - Stopped by Niklas Treutle with a rebound.
0:59 of 2nd period - Icing by Joe Morrow.
1:00 of 2nd period - Matthew Highmore wins face-off versus William Karlsson in Wolfes zone.
1:19 of 2nd period - Wrist shot by Thomas Spelling.
1:19 of 2nd period - Stopped by Niklas Treutle with a rebound.
1:21 of 2nd period - Wrist shot by Jakub Zboril.
1:21 of 2nd period - Shot Misses the Net.
1:23 of 2nd period - Slapshot by Jakub Zboril.
1:23 of 2nd period - Shot Misses the Net.
1:25 of 2nd period - Slapshot by Jakub Zboril.
1:25 of 2nd period - Shot Blocked by Dany Roussin.
2:04 of 2nd period - Snap shot by Thomas Spelling.
2:04 of 2nd period - Shot Blocked by Ryan Graves.
2:06 of 2nd period - Snap shot by Thomas Spelling.
2:06 of 2nd period - Goal by Thomas Spelling - Wolfes : 1 - Thunder : 0.
2:07 of 2nd period - Brayden Point wins face-off versus Sebastian Aho in neutral zone.
2:32 of 2nd period - Max Friberg is hit by Angelo Esposito and loses puck.
2:43 of 2nd period - Slapshot by Jamie McGinn.
2:43 of 2nd period - Shot Misses the Net.
2:45 of 2nd period - Wrist shot by Angelo Esposito.
2:45 of 2nd period - Shot Blocked by Fredrik Olofsson.
3:05 of 2nd period - Anton Karlsson is hit by William Karlsson and loses puck.
3:30 of 2nd period - Snap shot by Lawson Crouse.
3:30 of 2nd period - Stopped by Niklas Treutle with a rebound.
4:31 of 2nd period - Trevor Lewis is hit by Eric Robinson and loses puck.
5:25 of 2nd period - Snap shot by Thomas Spelling.
5:25 of 2nd period - Stopped by Niklas Treutle with a rebound.
5:43 of 2nd period - Colton Sceviour is hit by Alexandre Grenier and loses puck.
5:56 of 2nd period - Zach Stepan is hit by Kyle Rau and loses puck.
6:37 of 2nd period - Trevor Lewis is hit by Sebastian Aho and loses puck.
7:00 of 2nd period - Minor Penalty to Martin Hanzal for Hooking.
7:01 of 2nd period - William Karlsson wins face-off versus Alexandre Grenier in Wolfes zone.
7:11 of 2nd period - Wrist shot by Dany Roussin.
7:11 of 2nd period - Stopped by Laurent Brossoit without a rebound.
7:12 of 2nd period - William Karlsson wins face-off versus Alexandre Grenier in Wolfes zone.
7:17 of 2nd period - Snap shot by Dany Roussin.
7:17 of 2nd period - Shot Misses the Net.
7:23 of 2nd period - Snap shot by Dany Roussin.
7:23 of 2nd period - Stopped by Laurent Brossoit with a rebound.
7:25 of 2nd period - Wrist shot by Colton Sceviour.
7:25 of 2nd period - Stopped by Laurent Brossoit without a rebound.
7:26 of 2nd period - Alexandre Grenier wins face-off versus William Karlsson in Wolfes zone.
7:26 of 2nd period - Alexandre Grenier is hit by Dany Roussin.
7:42 of 2nd period - Slapshot by Emil Johansson.
7:42 of 2nd period - Deflect By Jeffrey Foss.
7:42 of 2nd period - Stopped by Laurent Brossoit with a rebound.
8:24 of 2nd period - Ryan Graves is hit by Sebastian Aho and loses puck.
8:40 of 2nd period - Brayden Point is hit by Kyle Rau and loses puck.
9:00 of 2nd period - Penalty to Martin Hanzal is over, Martin Hanzal is back on ice.
9:28 of 2nd period - Angelo Esposito is hit by Martin Hanzal and loses puck.
9:33 of 2nd period - Snap shot by Max Friberg.
9:33 of 2nd period - Shot Misses the Net.
10:45 of 2nd period - Slapshot by Victor Olofsson.
10:45 of 2nd period - Stopped by Niklas Treutle without a rebound.
10:46 of 2nd period - Brayden Point wins face-off versus Kyle Rau in Thunder zone.
10:57 of 2nd period - Snap shot by Michael Stone.
10:57 of 2nd period - Stopped by Niklas Treutle without a rebound.
10:58 of 2nd period - William Karlsson wins face-off versus Sebastian Aho in Thunder zone.
11:07 of 2nd period - Wrist shot by William Karlsson.
11:07 of 2nd period - Stopped by Laurent Brossoit with a rebound.
11:23 of 2nd period - Brayden Point is hit by Damon Severson and loses puck.
11:48 of 2nd period - Jamie McGinn is hit by Kyle Rau and loses puck.
11:58 of 2nd period - Minor Penalty to Jamie McGinn for Tripping.
11:59 of 2nd period - William Karlsson wins face-off versus Sebastian Aho in Thunder zone.
12:10 of 2nd period - Slapshot by Damon Severson.
12:10 of 2nd period - Goal by Damon Severson - Wolfes : 2 - Thunder : 0.
12:11 of 2nd period - Sebastian Aho wins face-off versus Dany Roussin in neutral zone.
12:16 of 2nd period - Snap shot by Alexandre Grenier.
12:16 of 2nd period - Shot Blocked by Gianluca Curcuruto.
12:18 of 2nd period - Wrist shot by Damon Severson.
12:18 of 2nd period - Stopped by Niklas Treutle without a rebound.
12:19 of 2nd period - William Karlsson wins face-off versus Lawson Crouse in Thunder zone.
12:26 of 2nd period - Snap shot by Alexandre Grenier.
12:26 of 2nd period - Stopped by Niklas Treutle with a rebound.
12:46 of 2nd period - Snap shot by Max Friberg.
12:46 of 2nd period - Shot Blocked by Mike Hoffman.
12:48 of 2nd period - Snap shot by Max Friberg.
12:48 of 2nd period - Goal by Max Friberg - Wolfes : 3 - Thunder : 0.
12:49 of 2nd period - William Karlsson wins face-off versus Sebastian Aho in neutral zone.
12:52 of 2nd period - Wrist shot by Dany Roussin.
12:52 of 2nd period - Shot Misses the Net.
13:14 of 2nd period - Austin Poganski is hit by Martin Hanzal and loses puck.
13:33 of 2nd period - Kyle Rau is hit by Trevor Lewis.
13:41 of 2nd period - Angelo Esposito is hit by Anton Karlsson and loses puck.
14:16 of 2nd period - Dany Roussin is hit by Thomas Spelling and loses puck.
14:27 of 2nd period - Wrist shot by Dany Roussin.
14:27 of 2nd period - Stopped by Laurent Brossoit without a rebound.
14:28 of 2nd period - Brayden Point wins face-off versus Martin Hanzal in Wolfes zone.
14:35 of 2nd period - Snap shot by Mike Hoffman.
14:35 of 2nd period - Stopped by Laurent Brossoit with a rebound.
14:37 of 2nd period - Wrist shot by Austin Poganski.
14:37 of 2nd period - Stopped by Laurent Brossoit without a rebound.
14:38 of 2nd period - Brayden Point wins face-off versus Martin Hanzal in Wolfes zone.
14:47 of 2nd period - Wrist shot by Brayden Point.
14:47 of 2nd period - Shot Misses the Net.
14:49 of 2nd period - Wrist shot by Mike Hoffman.
14:49 of 2nd period - Stopped by Laurent Brossoit with a rebound.
14:51 of 2nd period - Wrist shot by Austin Poganski.
14:51 of 2nd period - Deflect By Max Friberg.
14:51 of 2nd period - Shot Misses the Net.
14:51 of 2nd period - Puck is out of play.
14:52 of 2nd period - William Karlsson wins face-off versus Sebastian Aho in Wolfes zone.
14:53 of 2nd period - Slapshot by Dany Roussin.
14:53 of 2nd period - Deflect By Jeffrey Foss.
14:53 of 2nd period - Shot Misses the Net.
14:53 of 2nd period - Puck is out of play.
14:54 of 2nd period - William Karlsson wins face-off versus Sebastian Aho in Wolfes zone.
15:46 of 2nd period - Jamie McGinn is hit by Kyle Rau and loses puck.
15:59 of 2nd period - Thomas Spelling is hit by Jesper Pettersson and loses puck.
16:21 of 2nd period - Off-side.
16:22 of 2nd period - Sebastian Aho wins face-off versus Angelo Esposito in neutral zone.
16:36 of 2nd period - Slapshot by Artturi Lehkonen.
16:36 of 2nd period - Stopped by Laurent Brossoit with a rebound.
16:47 of 2nd period - Alexandre Grenier is hit by William Karlsson and loses puck.
17:45 of 2nd period - Jeffrey Foss is hit by Angelo Esposito and loses puck.
18:16 of 2nd period - Snap shot by Sebastian Aho.
18:16 of 2nd period - Stopped by Niklas Treutle with a rebound.
18:18 of 2nd period - Slapshot by Sebastian Aho.
18:18 of 2nd period - Stopped by Niklas Treutle without a rebound.
18:19 of 2nd period - Brayden Point wins face-off versus Martin Hanzal in Thunder zone.
19:19 of 2nd period - Icing by Louis Belpedio.
19:20 of 2nd period - Brayden Point wins face-off versus Martin Hanzal in Wolfes zone.
19:25 of 2nd period - Minor Penalty to Fredrik Olofsson for Interference.
19:26 of 2nd period - Brayden Point wins face-off versus Kyle Rau in Wolfes zone.
Goals for this period are 3 for Wolfes vs 0 for Thunder.
Shots for this period are 13 for Wolfes vs 10 for Thunder.
3rd period
0:01 of 3rd period - William Karlsson wins face-off versus Alexandre Grenier in neutral zone.
0:32 of 3rd period - Snap shot by Mike Hoffman.
0:32 of 3rd period - Shot Misses the Net.
0:34 of 3rd period - Wrist shot by Brayden Point.
0:34 of 3rd period - Goal by Brayden Point - Wolfes : 3 - Thunder : 1.
0:35 of 3rd period - William Karlsson wins face-off versus Martin Hanzal in neutral zone.
0:42 of 3rd period - Slapshot by Dany Roussin.
0:42 of 3rd period - Stopped by Laurent Brossoit without a rebound.
0:43 of 3rd period - Martin Hanzal wins face-off versus William Karlsson in Wolfes zone.
0:43 of 3rd period - Martin Hanzal is hit by Dany Roussin.
0:46 of 3rd period - Max Friberg is hit by Colton Sceviour and loses puck.
0:59 of 3rd period - Snap shot by Martin Hanzal.
0:59 of 3rd period - Shot Misses the Net.
1:06 of 3rd period - Slapshot by William Karlsson.
1:06 of 3rd period - Shot Misses the Net.
1:08 of 3rd period - Snap shot by Colton Sceviour.
1:08 of 3rd period - Shot Blocked by Jakub Zboril.
1:10 of 3rd period - Snap shot by Emil Johansson.
1:10 of 3rd period - Shot Blocked by Joe Morrow.
1:12 of 3rd period - Snap shot by Emil Johansson.
1:12 of 3rd period - Shot Blocked by Joe Morrow.
1:14 of 3rd period - Slapshot by Gianluca Curcuruto.
1:14 of 3rd period - Deflect By William Karlsson.
1:14 of 3rd period - Stopped by Laurent Brossoit with a rebound.
1:16 of 3rd period - Slapshot by Gianluca Curcuruto.
1:16 of 3rd period - Stopped by Laurent Brossoit without a rebound.
1:17 of 3rd period - Sebastian Aho wins face-off versus Brayden Point in Wolfes zone.
1:19 of 3rd period - Icing by Lawson Crouse.
1:20 of 3rd period - Sebastian Aho wins face-off versus Brayden Point in Wolfes zone.
1:48 of 3rd period - Minor Penalty to Anton Karlsson for Hooking.
1:49 of 3rd period - Alexandre Grenier wins face-off versus William Karlsson in Wolfes zone.
2:37 of 3rd period - Slapshot by William Karlsson.
2:37 of 3rd period - Stopped by Laurent Brossoit with a rebound.
2:39 of 3rd period - Snap shot by Colton Sceviour.
2:39 of 3rd period - Stopped by Laurent Brossoit with a rebound.
2:41 of 3rd period - Slapshot by Gianluca Curcuruto.
2:41 of 3rd period - Shot Blocked by Michael Stone.
2:43 of 3rd period - Slapshot by Gianluca Curcuruto.
2:43 of 3rd period - Shot Misses the Net.
2:45 of 3rd period - Slapshot by Gianluca Curcuruto.
2:45 of 3rd period - Stopped by Laurent Brossoit without a rebound.
2:46 of 3rd period - Brayden Point wins face-off versus Alexandre Grenier in Wolfes zone.
2:59 of 3rd period - Snap shot by Brayden Point.
2:59 of 3rd period - Shot Misses the Net.
3:01 of 3rd period - Snap shot by Austin Poganski.
3:01 of 3rd period - Shot Misses the Net.
3:11 of 3rd period - Ryan Graves is hit by Kyle Rau and loses puck.
3:48 of 3rd period - Penalty to Anton Karlsson is over, Anton Karlsson is back on ice.
4:05 of 3rd period - Martin Hanzal is hit by Trevor Lewis and loses puck.
4:18 of 3rd period - William Karlsson is hit by Jakub Zboril and loses puck.
4:31 of 3rd period - Snap shot by Kyle Rau.
4:31 of 3rd period - Stopped by Niklas Treutle without a rebound.
4:32 of 3rd period - Matthew Highmore wins face-off versus Brayden Point in Thunder zone.
4:33 of 3rd period - Wrist shot by Thomas Spelling.
4:33 of 3rd period - Shot Misses the Net.
4:50 of 3rd period - Snap shot by Sebastian Aho.
4:50 of 3rd period - Shot Misses the Net.
4:52 of 3rd period - Wrist shot by Sebastian Aho.
4:52 of 3rd period - Shot Misses the Net.
4:54 of 3rd period - Slapshot by Jeffrey Foss.
4:54 of 3rd period - Shot Misses the Net.
5:10 of 3rd period - Colton Sceviour is hit by Michael Stone.
5:51 of 3rd period - Wrist shot by Thomas Spelling.
5:51 of 3rd period - Shot Blocked by Austin Poganski.
5:53 of 3rd period - Backhand shot by Michael Stone.
5:53 of 3rd period - Stopped by Niklas Treutle without a rebound.
5:54 of 3rd period - Brayden Point wins face-off versus Kyle Rau in Thunder zone.
6:04 of 3rd period - Austin Poganski is hit by Kyle Rau and loses puck.
6:42 of 3rd period - Wrist shot by Mike Hoffman.
6:42 of 3rd period - Stopped by Laurent Brossoit without a rebound.
6:43 of 3rd period - William Karlsson wins face-off versus Sebastian Aho in Wolfes zone.
6:50 of 3rd period - Snap shot by Lawson Crouse.
6:50 of 3rd period - Stopped by Niklas Treutle with a rebound.
7:23 of 3rd period - Jakub Zboril is hit by Gianluca Curcuruto and loses puck.
7:52 of 3rd period - Slapshot by Martin Hanzal.
7:52 of 3rd period - Deflect By Colton Sceviour.
7:52 of 3rd period - Stopped by Niklas Treutle with a rebound.
8:00 of 3rd period - Wrist shot by Max Friberg.
8:00 of 3rd period - Shot Misses the Net.
8:02 of 3rd period - Wrist shot by Fredrik Olofsson.
8:02 of 3rd period - Deflect By Martin Hanzal.
8:02 of 3rd period - Shot Hit the Post.
8:02 of 3rd period - Puck is out of play.
8:03 of 3rd period - Sebastian Aho wins face-off versus Brayden Point in Thunder zone.
8:28 of 3rd period - Jamie McGinn is hit by Kyle Rau and loses puck.
8:35 of 3rd period - Slapshot by Kyle Rau.
8:35 of 3rd period - Shot Misses the Net.
9:10 of 3rd period - Slapshot by Alexandre Grenier.
9:10 of 3rd period - Stopped by Niklas Treutle with a rebound.
10:35 of 3rd period - Snap shot by Martin Hanzal.
10:35 of 3rd period - Stopped by Niklas Treutle without a rebound.
10:36 of 3rd period - Max Friberg wins face-off versus Trevor Lewis in Thunder zone.
10:47 of 3rd period - Snap shot by Martin Hanzal.
10:47 of 3rd period - Shot Blocked by Ryan Graves.
10:49 of 3rd period - Slapshot by Joe Morrow.
10:49 of 3rd period - Shot Misses the Net.
10:51 of 3rd period - Backhand shot by Joe Morrow.
10:51 of 3rd period - Shot Misses the Net.
11:21 of 3rd period - Snap shot by Dany Roussin.
11:21 of 3rd period - Stopped by Laurent Brossoit without a rebound.
11:22 of 3rd period - William Karlsson wins face-off versus Kyle Rau in Wolfes zone.
12:09 of 3rd period - Wrist shot by Brayden Point.
12:09 of 3rd period - Shot Misses the Net.
12:11 of 3rd period - Snap shot by Austin Poganski.
12:11 of 3rd period - Shot Misses the Net.
12:13 of 3rd period - Wrist shot by Brayden Point.
12:13 of 3rd period - Stopped by Laurent Brossoit without a rebound.
12:14 of 3rd period - William Karlsson wins face-off versus Kyle Rau in Wolfes zone.
12:23 of 3rd period - Slapshot by Damon Severson.
12:23 of 3rd period - Shot Hit the Post.
12:25 of 3rd period - Wrist shot by Anton Karlsson.
12:25 of 3rd period - Shot Blocked by Dany Roussin.
12:27 of 3rd period - Wrist shot by Anton Karlsson.
12:27 of 3rd period - Stopped by Niklas Treutle with a rebound.
12:29 of 3rd period - Slapshot by Damon Severson.
12:29 of 3rd period - Stopped by Niklas Treutle without a rebound.
12:30 of 3rd period - Sebastian Aho wins face-off versus Mike Hoffman in Thunder zone.
13:03 of 3rd period - Gianluca Curcuruto is hit by Louis Belpedio.
13:08 of 3rd period - Minor Penalty to Martin Hanzal for Diving.
13:09 of 3rd period - William Karlsson wins face-off versus Alexandre Grenier in Wolfes zone.
14:07 of 3rd period - Sebastian Aho is hit by Dany Roussin and loses puck.
15:08 of 3rd period - Penalty to Martin Hanzal is over, Martin Hanzal is back on ice.
15:21 of 3rd period - Wrist shot by Martin Hanzal.
15:21 of 3rd period - Stopped by Niklas Treutle with a rebound.
15:23 of 3rd period - Wrist shot by Damon Severson.
15:23 of 3rd period - Shot Misses the Net.
15:25 of 3rd period - Backhand shot by Damon Severson.
15:25 of 3rd period - Stopped by Niklas Treutle without a rebound.
15:26 of 3rd period - Trevor Lewis wins face-off versus Martin Hanzal in Thunder zone.
15:31 of 3rd period - Max Friberg is hit by Jamie McGinn.
15:34 of 3rd period - Off-side.
15:35 of 3rd period - Trevor Lewis wins face-off versus Victor Olofsson in neutral zone.
15:44 of 3rd period - Jakub Zboril is hit by Trevor Lewis.
16:02 of 3rd period - Thomas Spelling is hit by William Karlsson.
16:03 of 3rd period - Icing by Thomas Spelling.
16:04 of 3rd period - William Karlsson wins face-off versus Matthew Highmore in Wolfes zone.
16:05 of 3rd period - Slapshot by Dany Roussin.
16:05 of 3rd period - Shot Misses the Net.
16:07 of 3rd period - Snap shot by Emil Johansson.
16:07 of 3rd period - Stopped by Laurent Brossoit with a rebound.
16:09 of 3rd period - Snap shot by Colton Sceviour.
16:09 of 3rd period - Shot Blocked by Jakub Zboril.
16:11 of 3rd period - Snap shot by Dany Roussin.
16:11 of 3rd period - Stopped by Laurent Brossoit without a rebound.
16:12 of 3rd period - William Karlsson wins face-off versus Kyle Rau in Wolfes zone.
16:25 of 3rd period - Slapshot by William Karlsson.
16:25 of 3rd period - Stopped by Laurent Brossoit without a rebound.
16:26 of 3rd period - Colton Sceviour wins face-off versus Matthew Highmore in Wolfes zone.
16:27 of 3rd period - Snap shot by William Karlsson.
16:27 of 3rd period - Stopped by Laurent Brossoit with a rebound.
16:51 of 3rd period - Michael Stone is hit by Austin Poganski and loses puck.
17:55 of 3rd period - Wrist shot by Mike Hoffman.
17:55 of 3rd period - Stopped by Laurent Brossoit with a rebound.
18:16 of 3rd period - Kyle Rau is hit by William Karlsson and loses puck.
18:45 of 3rd period - Snap shot by Jeffrey Foss.
18:45 of 3rd period - Stopped by Niklas Treutle with a rebound.
18:47 of 3rd period - Snap shot by Michael Stone.
18:47 of 3rd period - Stopped by Niklas Treutle with a rebound.
18:49 of 3rd period - Wrist shot by Lawson Crouse.
18:49 of 3rd period - Goal by Lawson Crouse - Wolfes : 4 - Thunder : 1.
18:50 of 3rd period - William Karlsson wins face-off versus Sebastian Aho in neutral zone.
18:50 of 3rd period - William Karlsson is hit by Jeffrey Foss.
19:02 of 3rd period - Snap shot by Dany Roussin.
19:02 of 3rd period - Stopped by Laurent Brossoit without a rebound.
19:03 of 3rd period - William Karlsson wins face-off versus Alexandre Grenier in Wolfes zone.
19:28 of 3rd period - Mike Hoffman is hit by Fredrik Olofsson and loses puck.
19:55 of 3rd period - Snap shot by Michael Stone.
19:55 of 3rd period - Deflect By Angelo Esposito.
19:55 of 3rd period - Stopped by Niklas Treutle without a rebound.
19:56 of 3rd period - William Karlsson wins face-off versus Sebastian Aho in Thunder zone.
Goals for this period are 1 for Wolfes vs 1 for Thunder.
Shots for this period are 14 for Wolfes vs 16 for Thunder.